 Dungeon Crawl Stone Soup version 0.22-b1-21-g5cfc168 (webtiles) character file.

110599 tyranidshit the Warrior (level 16, -9/148 HPs)
             Began as a Demonspawn Abyssal Knight on Aug 3, 2018.
             Was the Champion of Lugonu.
             Mangled by a dire elephant simulacrum (19 damage)
             ... in an ice cave.
             The game lasted 01:29:19 (21601 turns).

tyranidshit the Warrior (DsAK)                     Turns: 21601, Time: 01:29:20

Health: -9/148     AC: 20    Str: 24      XL:     16   Next: 7%
Magic:  22/22      EV:  9    Int: 17 (18) God:    Lugonu [******]
Gold:   123        SH:  0    Dex: 17 (18) Spells: 15/15 levels left

rFire    . . .     SeeInvis +   H - +6 battleaxe of the Vulture {flame, rF- MR+ Dex+2 Stlth+}
rCold    + . .     Gourm    .   (shield currently unavailable)
rNeg     . . .     Faith    .   u - +0 plate armour
rPois    +         Spirit   .   S - +2 hat
rElec    .         Reflect  .   B - scarf {cloud immunity}
rCorr    .         Harm     .   (gloves unavailable)
MR       ++...     Clarity  +   k - +2 pair of boots
Stlth    ..........             j - amulet of regeneration
HPRegen  0.74/turn              T - ring of Camial {rC+ Str+4 Int+4 SInv}
MPRegen  0.18/turn              U - ring of the Vendetta {rPois Dex+4 Stlth+}

@: very slow
A: claws 3, clarity, fire resistance 1, ignite blood, spiny 2, wild magic 2,
flame cloud immunity, sturdy frame 2
a: Depart the Abyss, Bend Space, Banish, Corrupt, Enter the Abyss, Renounce
Religion


You were in an ice cave.
You worshipped Lugonu.
Lugonu was exalted by your worship.
You were not hungry.

You visited 4 branches of the dungeon, and saw 23 of its levels.
You visited the Abyss 1 time.
You also visited: Labyrinth, Sewer and Ice Cave.

You collected 2428 gold pieces.
You spent 2305 gold pieces at shops.

Inventory:

Hand Weapons
 h - a +1 broad axe of electrocution
 s - the +5 short sword of the Jolly Ships {venom, rN+ Dex+2}
   (You found it on level 5 of the Dungeon)

   It poisons the flesh of those it strikes.
   It affects your dexterity (+2).
   It protects you from negative energy.
 H - the +6 battleaxe of the Vulture (weapon) {flame, rF- MR+ Dex+2 Stlth+}
   (You took it off a minotaur in a labyrinth)

   It has been specially enchanted to burn those struck by it, causing extra
   injury to most foes and up to half again as much damage against particularly
   susceptible opponents.
   Big, fiery blades are also staple armaments of hydra-hunters.
   It affects your dexterity (+2).
   It makes you vulnerable to fire.
   It affects your resistance to hostile enchantments.
   It makes you more stealthy.
 K - a +3 broad axe of distortion
Armour
 e - the +2 pair of gloves "Rytteb" {MR+ Regen+ Str+8 Dex-5}
   (You bought it in a shop on level 7 of the Dungeon)

   It affects your strength (+8).
   It affects your dexterity (-5).
   It affects your resistance to hostile enchantments.
   It increases your rate of regeneration.
 k - a +2 pair of boots (worn)
 n - a scarf of spirit shield
 r - a +2 cloak
 u - a +0 plate armour (worn)
 B - a scarf of cloud immunity (worn)
 S - a +2 hat (worn)
Jewellery
 a - an uncursed amulet of guardian spirit
 f - an uncursed amulet of the gourmand
 j - an amulet of regeneration (around neck)
 m - an uncursed ring of flight
 p - an uncursed ring of protection from cold
 y - a cursed -2 ring of dexterity
 G - an uncursed ring of protection from magic
 N - an uncursed amulet of magic regeneration
 O - an uncursed ring of protection from fire
 P - an uncursed amulet of harm
 T - the ring of Camial (left claw) {rC+ Str+4 Int+4 SInv}
   (You bought it in a shop on level 1 of the Orcish Mines)

   [ring of see invisible]

   It affects your strength (+4).
   It affects your intelligence (+4).
   It protects you from cold.
   It lets you see invisible.
 U - the ring of the Vendetta (right claw) {rPois Dex+4 Stlth+}
   (You bought it in a shop on level 2 of the Orcish Mines)

   [ring of stealth]

   It affects your dexterity (+4).
   It protects you from poison.
   It makes you more stealthy.
 W - a +3 ring of protection
 X - a +5 ring of protection
Wands
 b - a wand of digging (12)
 x - a wand of enslavement (2)
 A - a wand of random effects (151)
 E - a wand of clouds (7)
 L - a wand of flame (68)
 Q - a wand of paralysis (10)
 R - a wand of acid (7)
 V - a wand of iceblast (9)
 Z - a wand of disintegration (16)
Scrolls
 d - 12 scrolls of identify
 g - 2 scrolls of fear
 i - 5 scrolls of remove curse
 q - 5 scrolls of fog
 C - 8 scrolls of teleportation
 D - 3 scrolls of blinking
 F - 2 scrolls of holy word
 Y - a scroll of magic mapping
Potions
 l - a potion of magic
 o - 4 potions of curing
 t - 3 potions of might
 v - a potion of flight
 w - 7 potions of agility
 z - 4 potions of cancellation
 I - 2 potions of brilliance
 J - 2 potions of heal wounds
 M - a potion of haste
Comestibles
 c - 11 rations


   Skills:
 + Level 19.9 Fighting
 - Level 2.2 Short Blades
 - Level 13.1 Axes
 - Level 10.0 Armour
 - Level 0.8 Dodging
 - Level 9.0 Invocations
 - Level 6.3 Evocations


You had 15 spell levels left.
You didn't know any spells.
Your spell library contained the following spells:

 Spells                   Type           Power        Failure   Level  Hunger
 Cause Fear               Hex            #.........   100%        4    #####..
 Magic Dart               Conj           #...         83%         1    ##.....
 Conjure Flame            Conj/Fire      #.......     99%         3    ####...
 Lightning Bolt           Conj/Air       #.........   100%        5    ######.
 Bolt of Magma            Conj/Fire/Erth #.........   100%        5    ######.
 Slow                     Hex            #.......     92%         2    ###....
 Mephitic Cloud           Conj/Pois/Air  #.......     99%         3    ####...
 Venom Bolt               Conj/Pois      #.........   100%        5    ######.
 Olgreb's Toxic Radiance  Pois           #.......     100%        4    #####..
 Bolt of Draining         Conj/Necr      #.........   100%        5    ######.
 Blink                    Tloc           N/A          92%         2    ###....
 Ozocubu's Armour         Chrm/Ice       #.......     99%         3    ####...
 Call Imp                 Summ           #.......     92%         2    ###....
 Dispel Undead            Necr           #.......     100%        5    ######.
 Sting                    Conj/Pois      #...         83%         1    ##.....
 Sublimation of Blood     Necr           #.........   92%         2    ###....
 Summon Demon             Summ           #.........   100%        5    ######.
 Corpse Rot               Necr           N/A          92%         2    ###....
 Stone Arrow              Conj/Erth      #.....       99%         3    ####...
 Shock                    Conj/Air       #...         83%         1    ##.....
 Swiftness                Chrm/Air       #.......     92%         2    ###....
 Recall                   Summ/Tloc      N/A          99%         3    ####...
 Agony                    Necr           #.......     100%        5    ######.
 Statue Form              Tmut/Erth      #........    100%        6    #######
 Dragon Form              Tmut           #.........   100%        7    #######
 Deflect Missiles         Chrm/Air       #.........   100%        6    #######
 Airstrike                Air            #.........   100%        4    #####..
 Shadow Creatures         Summ           N/A          100%        6    #######
 Metabolic Englaciation   Hex/Ice        #.........   100%        5    ######.
 Silence                  Hex/Air        #.........   100%        5    ######.
 Static Discharge         Conj/Air       #.......     99%         3    ####...
 Corona                   Hex            #......      83%         1    ##.....
 Excruciating Wounds      Chrm/Necr      #.........   100%        5    ######.
 Portal Projectile        Hex/Tloc       #.....       99%         3    ####...
 Petrify                  Tmut/Erth      #.......     100%        4    #####..
 Leda's Liquefaction      Hex/Erth       #.........   100%        4    #####..
 Inner Flame              Hex/Fire       #.......     99%         3    ####...
 Aura of Abjuration       Summ           #.........   100%        5    ######.
 Discord                  Hex            #.........   100%        8    #######
 Summon Forest            Summ/Tloc      #.........   100%        5    ######.
 Summon Mana Viper        Hex/Summ       #.......     100%        5    ######.
 Hydra Form               Tmut           #.........   100%        6    #######
 Irradiate                Conj/Tmut      #.........   100%        5    ######.
 Yara's Violent Unravell  Hex/Tmut       #.........   100%        5    ######.
 Poisonous Vapours        Pois/Air       #.....       92%         2    ###....


Dungeon Overview and Level Annotations

Branches:
Dungeon (14/15)            Temple (0/1) D:4            Lair (6/6) D:11
 Shoals (0/4) Lair:4       Spider (1/4) Lair:3        Slime (0/5) Lair:6
    Orc (2/2) D:10            Elf (0/3) Orc:2        Vaults (0/5) D:14

Altars:
Ashenzari
Dithmenos
Fedhas
Gozag
Hepliaklqana
Makhleb
Nemelex Xobeh
Okawaru
Qazlal
Ru
Xom
Yredelemnul
Zin
The Shining One
Beogh
Jiyva

Shops:
D:7 [   D:8 }   D:11 !   D:13 :(   Orc:1 =   Orc:2 %=}?

Portals:
Hell: Lair:6
Trove: D:11 (give +4 storm dragon scales)

Annotations:
Lair:4 exclusion: 2 oklob plants


Innate Abilities, Weirdness & Mutations

You have claws for hands.
Your flesh is heat resistant. (rF+)
Your demonic aura causes spilled blood to erupt in flames.
You are mostly covered in sharp spines.
You are immune to clouds of flame.
Your movements are less encumbered by armour. (ER -4)
You possess an exceptional clarity of mind.
Your spells are harder to cast, but more powerful.


Message History

* * * LOW HITPOINT WARNING * * *
The dire elephant simulacrum trunk-slaps you but does no damage.
Your unstable footing causes you to fumble your attack.
The dire elephant simulacrum closely misses you. x2
Unknown command.
You slash the dire elephant simulacrum!
You melt the dire elephant simulacrum.
The dire elephant simulacrum is heavily damaged.
Unknown command.
Your unstable footing causes you to fumble your attack.
The dire elephant simulacrum is struck by your spines.
The dire elephant simulacrum tramples you!
* * * LOW HITPOINT WARNING * * *
The dire elephant simulacrum freezes you!!
You resist.
* * * LOW HITPOINT WARNING * * *
The dire elephant simulacrum trunk-slaps you.
* * * LOW HITPOINT WARNING * * *
The dire elephant simulacrum freezes you!!
You resist.
You die...

. # . #. ##≈##
#. ≈#≈≈## .#
≈≈≈≈≈# #.
#≈≈≈≈≈#
#Z#≈≈≈≈≈≈≈
#@≈≈≈≈≈≈≈
##≈≈≈≈≈≈≈≈
#≈≈#≈≈≈≈≈#
##≈###≈≈≈###
#≈########.#
#.###.##...####
##.#...#..#.#.#
#.#..#..#.##..##
#....##.####...#


You could see a dire elephant simulacrum.

Vanquished Creatures
  Rupert (Orc:2)
  The ghost of Boer the Grappler, a journeyman TrWz of Cheibriados (Lair:3)
  An entropy weaver (Spider:1)
  A dire elephant (Lair:6)
  A minotaur (Lab)
  Snorg (Orc:2)
  Josephine (Lair:6)
  Fannar (D:11)
  7 hydras
  The ghost of Teehusk the Basher, a journeyman GrFi of the Shining One (D:12)
  The ghost of Sohies the Carver, a journeyman MiFi of Okawaru (D:11)
  A vault guard (D:11)
  A centaur warrior (D:14)
  The ghost of Xurr the Cleaver, a novice MiBe of Trog (D:9)
  A death knight (D:12)
  A tengu warrior (D:12)
  16 two-headed ogres
  3 death yaks (Lair:4)
  4 ogre magi (Orc:2)
  A sixfirhy (Lair:6)
  2 unseen horrors
  2 wizards
  3 orc knights
  A lindwurm (Lair:6)
  A deep elf mage (D:12)
  4 orb spiders (Spider:1)
  5 wolf spiders
  4 orc sorcerers
  2 manticores
  12 ugly things
  3 cyclopes
  A spectral centaur (D:9)
  8 elephants
  An ice statue (IceCv)
  2 centaur zombies
  6 black mambas
  A smoke demon (Lair:6)
  A gargoyle (Lab)
  2 torpor snails
  A kobold demonologist (D:14)
  15 spiny frogs
  3 orange demons (Lair:6)
  4 demonic crawlers
  10 komodo dragons
  3 anaconda simulacra (IceCv)
  3 freezing wraiths
  2 ice devils
  A red devil (Lair:6)
  An efreet (D:14)
  A tengu conjurer (D:12)
  A minotaur skeleton (Lab)
  Grinder (D:5)
  2 wolf spider simulacra (IceCv)
  A merfolk (Lair:4)
  8 jumping spiders (Spider:1)
  3 trolls
  A meliai zombie (D:14)
  10 slime creatures
  10 blink frogs
  Prince Ribbit (D:5)
  13 hippogriffs
  7 redbacks
  An acid dragon (D:11)
  5 tarantellas
  A redback (shapeshifter) (D:14)
  7 wyverns
  Sigmund (D:6)
  54 yaks
  8 wraiths
  2 dire elephant simulacra (IceCv)
  3 basilisks
  A hungry ghost (Lab)
  4 neqoxecs (D:12)
  2 harpy simulacra (IceCv)
  An iron troll simulacrum (IceCv)
  3 wargs
  A soldier ant (D:11)
  5 hell hounds (Lair:6)
  A floating eye (shapeshifter) (D:14)
  3 hydra simulacra (IceCv)
  9 porcupines
  17 water moccasins
  19 orc warriors
  3 ice beasts
  A sky beast (D:5)
  An eye of draining (D:9)
  28 ogres
  A phantom (D:13)
  A black bear (D:12)
  13 wolves
  8 centaurs
  17 crocodiles
  5 big kobolds
  An elf zombie (D:9)
  A gnoll sergeant (D:6)
  12 bullfrogs
  An earth elemental (Lab)
  A wyvern zombie (D:6)
  A wyvern skeleton (D:12)
  5 scorpions
  9 killer bees
  10 wights (D:12)
  A troll skeleton (D:9)
  9 crimson imps
  3 quasits (D:12)
  5 bullfrog zombies
  2 draconian simulacra (IceCv)
  6 jellies
  5 hounds
  23 orc wizards
  6 human zombies (D:9)
  16 orc priests
  Crazy Yiuf (D:6)
  A bullfrog skeleton (D:13)
  A gnoll shaman (D:8)
  3 centaur skeletons
  4 iguanas
  8 worker ants
  5 troll simulacra (IceCv)
  A spriggan simulacrum (IceCv)
  An ogre zombie (D:9)
  A bullfrog simulacrum (D:9)
  A centaur simulacrum (IceCv)
  A hound skeleton (D:5)
  Robin (D:2)
  A howler monkey skeleton (D:11)
  8 gnolls
  4 naga simulacra (IceCv)
  8 adders
  3 ogre simulacra (IceCv)
  3 shadow imps
  4 white imps (IceCv)
  5 ufetubi (IceCv)
  7 oozes
  An adder skeleton (D:4)
  4 worms
  2 dart slugs (D:3)
  3 leopard geckos
  82 orcs
  9 giant cockroaches
  14 goblins
  14 hobgoblins
  7 jackals
  A quokka (D:3)
  10 ball pythons
  A ball python skeleton (D:4)
  5 bats
  3 frilled lizards
  21 kobolds
  3 orc zombies (D:9)
  A quokka skeleton (D:6)
  A quokka zombie (D:8)
  15 rats
  2 fungi
823 creatures vanquished.

Vanquished Creatures (others)
  A stone giant (Orc:1)
  A jumping spider (Spider:1)
  The ghost of Curus the Carver, an amateur MiFi (D:3)
  An acid dragon (D:11)
  A white imp (IceCv)
  3 ufetubi (IceCv)
  7 fungi
  2 plants
17 creatures vanquished.

Grand Total: 840 creatures vanquished

Notes
Turn   | Place    | Note
-------+----------+-------------------------------------------
     0 | Abyss:1  | tyranidshit the Demonspawn Abyssal Knight began the quest for the Orb.
     0 | Abyss:1  | Reached XP level 1. HP: 18/18 MP: 2/2
    27 | Abyss:1  | Noticed a starcursed mass
    28 | D:1      | Escaped the Abyss
    41 | D:1      | Gained mutation: You are partially covered in sharp spines. [demonic ancestry]
    41 | D:1      | Reached XP level 2. HP: 2/24 MP: 4/4
    42 | D:1      | Reached * piety under Lugonu
   659 | D:1      | Gained mutation: You are mostly covered in sharp spines. [demonic ancestry]
   659 | D:1      | Reached XP level 3. HP: 30/30 MP: 5/5
   685 | D:1      | Reached skill level 4 in Fighting
  1182 | D:2      | Found a sacrificial altar of Ru.
  1403 | D:2      | Gained mutation: Your flesh is heat resistant. (rF+) [demonic ancestry]
  1403 | D:2      | Reached XP level 4. HP: 30/38 MP: 6/6
  1419 | D:2      | Noticed Robin
  1421 | D:2      | Reached ** piety under Lugonu
  1430 | D:2      | Reached skill level 5 in Fighting
  1431 | D:2      | Killed Robin
  1432 | D:2      | HP: 1/39 [kobold/whip (3)]
  1731 | D:2      | Gained mutation: You are immune to clouds of flame. [demonic ancestry]
  1731 | D:2      | Reached XP level 5. HP: 32/44 MP: 7/7
  2375 | D:3      | Gained mutation: You are dopey. (Int -2) [potion of mutation]
  2375 | D:3      | Lost mutation: You are dopey. (Int -2) [potion of mutation]
  2375 | D:3      | Gained mutation: You possess an exceptional clarity of mind. [potion of mutation]
  2525 | D:3      | Found a runed gate.
  2525 | D:3      | Found a runed gate.
  2527 | D:3      | Found a runed gate.
  2540 | D:3      | Noticed Curus's ghost (amateur MiFi)
  2661 | D:3      | Found a roughly hewn altar of Beogh.
  2682 | D:3      | Reached *** piety under Lugonu
  2688 | D:3      | Reached skill level 6 in Fighting
  2690 | D:3      | Banished Curus's ghost
  2690 | D:3      | Gained mutation: You have sharp fingernails. [demonic ancestry]
  2690 | D:3      | Reached XP level 6. HP: 36/53 MP: 8/8
  2741 | D:3      | Got a dazzling short sword {vamp}
  2742 | D:3      | Identified the +3 short sword of the Illusory Yaks {vamp, Fragile rElec rF- MP+9} (You took it off an orc on level 3 of the Dungeon)
  2904 | D:4      | Reached skill level 7 in Fighting
  2992 | D:4      | Found a staircase to the Ecumenical Temple.
  3261 | D:4      | Found a sparkling altar of Nemelex Xobeh.
  3593 | D:5      | Entered Level 5 of the Dungeon
  3684 | D:5      | Reached XP level 7. HP: 45/60 MP: 9/9
  3712 | D:5      | Got a smoking short sword
  3713 | D:5      | Identified the +5 short sword of the Jolly Ships {venom, rN+ Dex+2} (You found it on level 5 of the Dungeon)
  3867 | D:5      | Found a glowing drain.
  3871 | Sewer    | Entered a sewer
  3898 | Sewer    | Reached skill level 5 in Armour
  4029 | Sewer    | Reached skill level 1 in Evocations
  4083 | Sewer    | Reached **** piety under Lugonu
  4099 | Sewer    | Gained mutation: Your demonic aura causes spilled blood to erupt in flames. [demonic ancestry]
  4099 | Sewer    | Reached XP level 8. HP: 62/67 MP: 11/11
  4517 | D:5      | Found a blossoming altar of Fedhas.
  4572 | D:5      | Noticed Grinder
  4579 | D:5      | Paralysed by Grinder for 2 turns
  4591 | D:5      | Reached skill level 5 in Invocations
  4597 | D:5      | Killed Grinder
  4635 | D:5      | Noticed Prince Ribbit
  4657 | D:5      | Killed Prince Ribbit
  4863 | D:6      | Found a runed door.
  4867 | D:6      | Noticed Crazy Yiuf
  4870 | D:6      | Killed Crazy Yiuf
  4995 | D:6      | Found an opulent altar of Gozag.
  5001 | D:6      | Reached skill level 5 in Evocations
  5110 | D:6      | Noticed Sigmund
  5115 | D:6      | Killed Sigmund
  5115 | D:6      | Reached XP level 9. HP: 52/72 MP: 13/15
  5475 | D:6      | Found a hazy altar of Hepliaklqana.
  5476 | D:6      | Found a shattered altar of Ashenzari.
  5657 | D:7      | Reached ***** piety under Lugonu
  5943 | D:7      | Found Xemuv's Antique Armour Emporium.
  5946 | D:7      | Found an iron altar of Okawaru.
  5949 | D:7      | Bought a pair of bloodstained gloves for 228 gold pieces
  5949 | D:7      | Identified the +2 pair of gloves "Rytteb" {MR+ Regen+ Str+8 Dex-5} (You bought it in a shop on level 7 of the Dungeon)
  6145 | D:8      | You fall through a shaft!
  6145 | D:9      | Noticed a two-headed ogre
  6147 | D:9      | Found a runed gate.
  6147 | D:9      | Found a runed gate.
  6147 | D:9      | Found a runed gate.
  6152 | D:9      | Noticed a spectral centaur warrior
  6152 | D:9      | Noticed Xurr's ghost (novice MiBe)
  6164 | D:9      | Killed a two-headed ogre
  6164 | D:9      | Reached skill level 8 in Fighting
  6170 | D:9      | Found a shadowy altar of Dithmenos.
  6170 | D:9      | Found a glowing golden altar of the Shining One.
  6175 | D:9      | Found a faded altar of an unknown god.
  6177 | D:9      | Found a glowing silver altar of Zin.
  6179 | D:9      | Found a shimmering altar of Xom.
  6308 | D:8      | Found Deney's Gadget Shop.
  6405 | D:8      | Reached XP level 10. HP: 74/82 MP: 16/16
  6434 | D:8      | Reached skill level 5 in Axes
  6561 | D:8      | Reached skill level 9 in Fighting
  6794 | D:9      | Found a basalt altar of Yredelemnul.
  6956 | D:9      | Noticed a wizard
  6963 | D:9      | Killed a wizard
  6963 | D:9      | Reached skill level 10 in Fighting
  7304 | D:9      | Killed Xurr's ghost
  7319 | D:9      | Killed a spectral centaur warrior
  7405 | D:10     | Entered Level 10 of the Dungeon
  7406 | D:10     | Noticed a brown ugly thing
  7412 | D:10     | Killed a brown ugly thing
  7440 | D:10     | Reached XP level 11. HP: 77/92 MP: 17/17
  7505 | D:10     | Found a staircase to the Orcish Mines.
  7780 | D:10     | Got a polished leather armour
  7781 | D:10     | Identified the +1 leather armour of Inquiry {rElec rC+ Int-4 SInv} (You found it on level 10 of the Dungeon)
  8050 | D:11     | Noticed a purple ugly thing
  8057 | D:11     | Killed a purple ugly thing
  8114 | D:11     | Noticed a vault guard
  8131 | D:11     | Killed a vault guard
  8148 | D:11     | Found a portal to a secret trove of treasure.
  8211 | D:11     | Found a staircase to the Lair.
  8262 | D:11     | Found a stormy altar of Qazlal.
  8446 | D:11     | Reached ****** piety under Lugonu
  8446 | D:11     | Reached skill level 10 in Armour
  8566 | D:11     | Noticed a two-headed ogre
  8567 | D:11     | Noticed a green ugly thing
  8572 | D:11     | Killed a two-headed ogre
  8576 | D:11     | Killed a green ugly thing
  8599 | D:11     | Found a runed gate.
  8599 | D:11     | Found a runed gate.
  8600 | D:11     | Found a runed gate.
  8609 | D:11     | Noticed Sohies's ghost (journeyman MiFi)
  8668 | D:11     | Found Qeabo's Distillery.
  8668 | D:11     | Noticed Fannar
  8699 | D:11     | Killed Fannar
  8699 | D:11     | Reached skill level 11 in Fighting
  8928 | D:11     | Killed an unseen horror
  8975 | D:12     | Noticed a death knight
  9058 | Lair:1   | Entered Level 1 of the Lair of Beasts
  9065 | Lair:1   | Reached skill level 1 in Short Blades
  9107 | Lair:1   | Gained mutation: Your movements are slightly less encumbered by armour. (ER -2) [demonic ancestry]
  9107 | Lair:1   | Reached XP level 12. HP: 62/101 MP: 18/18
  9204 | Lair:1   | Reached skill level 12 in Fighting
  9527 | Lair:1   | Noticed a five-headed hydra
  9541 | Lair:1   | Banished a five-headed hydra
  9882 | Lair:2   | Reached skill level 13 in Fighting
 10286 | Lair:2   | Noticed a six-headed hydra
 10292 | Lair:2   | Killed a six-headed hydra
 10318 | Lair:2   | Noticed a seven-headed hydra
 10324 | Lair:2   | Banished a seven-headed hydra
 10324 | Lair:2   | Reached skill level 14 in Fighting
 10903 | Lair:3   | Found a runed door.
 10903 | Lair:3   | Noticed Boer's ghost (journeyman TrWz)
 10918 | Lair:3   | Reached skill level 15 in Fighting
 10932 | Lair:3   | Gained mutation: You have very sharp fingernails. [demonic ancestry]
 10932 | Lair:3   | Reached XP level 13. HP: 106/115 MP: 19/19
 11000 | Lair:3   | Killed Boer's ghost
 11405 | Lair:3   | Found a hole to the Spider Nest.
 11688 | Lair:4   | Reached skill level 16 in Fighting
 12415 | Lair:4   | Found a staircase to the Shoals.
 12727 | Lair:5   | Identified a glowing broad axe (a broad axe corrupted by Lugonu)
 12727 | Lair:5   | Received a gift from Lugonu
 13344 | Lair:6   | Entered Level 6 of the Lair of Beasts
 13372 | Lair:6   | Reached skill level 10 in Axes
 13426 | Lair:6   | Found a labyrinth entrance.
 13435 | Lab      | Entered a labyrinth
 15034 | Lab      | Noticed a minotaur
 15044 | Lab      | HP: 5/118 [minotaur/silver javelin (13)]
 15079 | Lab      | Killed a minotaur
 15081 | Lab      | Got an iridescent battleaxe {flame}
 15082 | Lab      | Identified the +6 battleaxe of the Vulture {flame, rF- MR+ Dex+2 Stlth+} (You took it off a minotaur in a labyrinth)
 15095 | Lab      | Identified the Tome of the Freezing Rocks
 15193 | Lair:6   | Found a runed door.
 15194 | Lair:6   | Found a viscous altar of Jiyva.
 15194 | Lair:6   | Found a staircase to the Slime Pits.
 15209 | Lair:6   | Reached XP level 14. HP: 107/126 MP: 20/20
 15328 | Lair:6   | Noticed Josephine
 15385 | Lair:6   | Killed Josephine
 15571 | Lair:6   | Reached skill level 17 in Fighting
 15690 | Lair:6   | Found a burning altar of Makhleb.
 16000 | Lair:6   | Found a gateway to Hell.
 16459 | Orc:1    | Entered Level 1 of the Orcish Mines
 16506 | Orc:1    | Found Kogaeluxu's Jewellery Shop.
 16511 | Orc:1    | Found a roughly hewn altar of Beogh.
 16543 | Orc:1    | Noticed a stone giant
 16664 | Orc:1    | Banished a stone giant
 16669 | D:10     | Reached skill level 18 in Fighting
 16768 | Orc:1    | Bought the ring of Camial {rC+ Str+4 Int+4 SInv} for 732 gold pieces
 17052 | Orc:2    | Entered Level 2 of the Orcish Mines
 17185 | Orc:2    | Found a staircase to the Elven Halls.
 17254 | Orc:2    | Found a roughly hewn altar of Beogh.
 17289 | Orc:2    | Noticed Rupert
 17296 | Orc:2    | Noticed Snorg
 17298 | Orc:2    | Killed Rupert
 17306 | Orc:2    | Killed Snorg
 17483 | Orc:1    | Gained mutation: Your movements are less encumbered by armour. (ER -4) [demonic ancestry]
 17483 | Orc:1    | Reached XP level 15. HP: 78/136 MP: 21/21
 17705 | Orc:2    | Found Luem's Magic Scroll Emporium.
 17711 | Orc:2    | Found Vafetoq's Jewellery Boutique.
 17711 | Orc:2    | Found Pilor's Food Shoppe.
 17711 | Orc:2    | Found Ikumaan's Gadget Boutique.
 17778 | Orc:2    | Bought the ring of the Vendetta {rPois Dex+4 Stlth+} for 445 gold pieces
 17787 | Orc:2    | Bought an uncursed amulet of guardian spirit for 360 gold pieces
 17799 | Orc:2    | Bought a scroll of brand weapon for 300 gold pieces
 18106 | D:11     | Killed Sohies's ghost
 18488 | D:12     | Found a transporter.
 18494 | D:12     | Found a transporter.
 18503 | D:12     | Noticed Teehusk's ghost (journeyman GrFi)
 18537 | D:12     | Gained mutation: Your body sometimes deteriorates upon taking damage. [a neqoxec]
 18546 | D:12     | Killed Teehusk's ghost
 19235 | D:13     | Found Ceygif's Antique Weapon Boutique.
 19296 | D:13     | Found Boskyl's Book Boutique.
 19299 | D:13     | Bought a book of Minor Magic for 240 gold pieces
 19447 | D:13     | Lost mutation: You possess an exceptional clarity of mind. [potion of mutation]
 19447 | D:13     | Lost mutation: Your body sometimes deteriorates upon taking damage. [potion of mutation]
 19447 | D:13     | Gained mutation: Your spells are a little harder to cast, but a little more powerful. [potion of mutation]
 19447 | D:13     | Gained mutation: Your spells are harder to cast, but more powerful. [potion of mutation]
 19447 | D:13     | Gained mutation: You possess an exceptional clarity of mind. [potion of mutation]
 19868 | D:14     | Found a gate to the Vaults.
 20109 | D:14     | Reached skill level 19 in Fighting
 20171 | D:14     | Found a sparkling altar of Nemelex Xobeh.
 20361 | Spider:1 | Entered Level 1 of the Spider Nest
 20957 | Spider:1 | Found a frozen archway.
 20966 | IceCv    | Entered an ice cave
 21002 | IceCv    | Gained mutation: You have claws for hands. [demonic ancestry]
 21002 | IceCv    | Reached XP level 16. HP: 139/148 MP: 22/22
 21601 | IceCv    | Mangled by a dire elephant simulacrum

Skill      XL: |  1  2  3  4  5  6  7  8  9 10 11 12 13 14 15 |
---------------+----------------------------------------------+-----
Invocations    | 3 4 8 9 |  9.0
Fighting       | 4 5 6 7 8 10 11 15 16 18 19 | 19.9
Armour         | 3 5 8 10 | 10.0
Evocations     | 2 5 6 |  6.3
Axes           | 4 5 6 10 12 13 | 13.1
Short Blades   | 2 |  2.2
Dodging        | |  0.8

Action                   |  1- 3 |  4- 6 |  7- 9 | 10-12 | 13-15 | 16-18 || total
-------------------------+-------+-------+-------+-------+-------+-------++-------
Melee: Hand axe          |    52 |   121 |     4 |       |       |       ||   177
       Short sword       |       |       |   269 |   557 |   327 |       ||  1153
       Battleaxe         |       |       |       |       |   480 |    81 ||   561
Invok: Depart the Abyss  |     1 |       |       |       |       |       ||     1
       Banish            |       |     1 |       |     3 |     1 |       ||     5
       Brand Weapon With |       |       |       |       |     1 |       ||     1
Evoke: Wand              |       |       |       |     5 |     6 |     2 ||    13
  Use: Scroll            |     1 |     7 |     6 |     5 |    19 |     1 ||    39
       Potion            |       |     4 |     4 |     3 |    11 |       ||    22
 Stab: Paralysed         |       |     1 |       |       |       |     1 ||     2
       Invisible         |       |       |       |       |     1 |       ||     1
  Eat: Ration            |     1 |     2 |     2 |     4 |    10 |     1 ||    20
       Chunk             |       |       |     2 |     2 |     1 |       ||     5
Armor: Leather armour    |    25 |    17 |       |       |       |       ||    42
       Animal skin       |       |     4 |       |       |       |       ||     4
       Scale mail        |       |    13 |    54 |       |       |       ||    67
       Ring mail         |       |     5 |       |       |       |       ||     5
       Plate armour      |       |       |    77 |   464 |   822 |    54 ||  1417
Dodge: Dodged            |    39 |    62 |    93 |   189 |   447 |    35 ||   865
